 Dungeon Crawl Stone Soup version 0.28-a0-511-gcc94558de3 (webtiles) character file.

Game seed: 3665791007180422917

29701 Leszczynek the Severer (level 13, 0/106 HPs)
             Began as a Human Gladiator on Sept 17, 2021.
             Was a Believer of Uskayaw.
             Slain by Donald (26 damage)
             ... on level 2 of the Orcish Mines on Sept 21, 2021.
             The game lasted 01:25:03 (9242 turns).

Leszczynek the Severer (Human Gladiator)            Turns: 9242, Time: 01:25:03

Health: 0/106      AC: 26    Str: 31    XL:     13   Next: 83%
Magic:  20/20      EV: 10    Int: 13    God:    Uskayaw [**....]
Gold:   928        SH:  0    Dex: 21    Spells: 10/12 levels left

rFire   + . .      SeeInvis .   a - +2 battleaxe (freeze)
rCold   + . .      Faith    .   (shield currently unavailable)
rNeg    . . .      Spirit   .   L - +1 gold dragon scales
rPois   +          Reflect  .   I - +2 helmet
rElec   +          Harm     .   m - +2 cloak of Untold Secrets {rElec Str+3}
rCorr   .          Rampage  .   (no gloves)
Will    .....                   D - +2 pair of boots "Ramnuczu" {Str+3 Int+4}
Stlth   ..........              e - amulet of regeneration
HPRegen 1.27/turn               n - +6 ring of strength
MPRegen 0.17/turn               y - +6 ring of dexterity

@: studying Slings
A: no striking features
a: Renounce Religion, Stomp, Line Pass


You were on level 2 of the Orcish Mines.
You worshipped Uskayaw.
Uskayaw was aware of your devotion.
You visited 2 branches of the dungeon, and saw 14 of its levels.
You also visited: Ice Cave.

You collected 1213 gold pieces.
You spent 285 gold pieces at shops.

Inventory:

Hand Weapons
 a - a +2 battleaxe of freezing (weapon)
 d - a +0 dire flail
 f - a +0 great sword
 k - a +1 vorpal spear
 u - a +0 hand crossbow
Missiles
 p - 63 bolts
 v - 5 silver javelins (quivered)
 G - a curare-tipped dart
Armour
 m - the +2 cloak of Untold Secrets (worn) {rElec Str+3}
   (You acquired it on level 8 of the Dungeon)

   Str:       It affects your strength (+3).
   rElec:     It insulates you from electricity.
 D - the +2 pair of boots "Ramnuczu" (worn) {Str+3 Int+4}
   (You bought it in a shop on level 2 of the Dungeon)

   Str:       It affects your strength (+3).
   Int:       It affects your intelligence (+4).
 I - a +2 helmet (worn)
 L - +1 gold dragon scales (worn)
Jewellery
 e - an amulet of regeneration (around neck)
 n - a +6 ring of strength (left hand)
 o - a ring of protection from fire
 y - a +6 ring of dexterity (right hand)
 K - a ring of see invisible
Wands
 l - a wand of flame (6)
 s - a wand of mindburst (10)
 w - a wand of digging (2)
 z - a wand of charming (19)
 A - a wand of iceblast (11)
 H - a wand of paralysis (9)
Scrolls
 t - 2 scrolls of teleportation
 B - 2 scrolls of fog
 F - a scroll of amnesia {unknown}
Potions
 b - 2 potions of cancellation {unknown}
 h - 5 potions of brilliance
 i - a potion of attraction {unknown}
 q - 2 potions of resistance
 r - a potion of invisibility {unknown}
 x - a potion of mutation {unknown}
 C - a potion of flight {unknown}
Miscellaneous
 J - a phial of floods (inert)


   Skills:
 - Level 11.0 Fighting
 * Level 15.0 Axes
 - Level 2.0 Throwing
 + Level 6.8 Armour
 - Level 7.4 Dodging
 - Level 2.7 Transmutations
 + Level 9.3 Invocations
 + Level 2.5 Evocations


You had 10 spell levels left.
You knew the following spells:

 Your Spells              Type           Power      Damage    Failure   Level
a - Wereblood             Tmut           7%         N/A       99%         2

Your spell library contained the following spells:

 Spells                   Type           Power      Damage    Failure   Level
 Beastly Appendage        Tmut           14%        N/A       97%         1
 Spider Form              Tmut/Pois      1%         N/A       100%        3


Dungeon Overview and Level Annotations

Branches:
Dungeon (12/15)              Lair (0/6) D:11            Orc (2/2) D:12
    Elf (0/3) Orc:2         IceCv (visited)
 Temple: D:4-7

Altars:
Cheibriados
Fedhas
Hepliaklqana
Qazlal
Trog
Uskayaw
Yredelemnul
The Shining One
Beogh

Shops:
D:2 [   Orc:1 [

Annotations:
D:3 3 runed translucent doors, Soel's ghost, amateur GrEE
D:11 Snorg
Orc:2 Donald


Message History

Aiming: Iceblast
Press: ? - help, Shift-Dir - straight line, p - Donald The mass of ice explodes!
The iceblast engulfs Donald but does no damage.
Donald is moderately wounded.
You hear a shout!
Donald hits you but does no damage.
You hear a shout!
You feel much better. Donald completely misses you.
Donald hits you with a +1 scimitar of protection!
You hit Donald but do no damage.
Donald is lightly wounded.
Donald hits you with a +1 scimitar of protection!
The orc warrior hits you from afar with a +0 halberd.
You closely miss something. Donald blocks your attack.
Donald hits you with a +1 scimitar of protection!
The orc warrior barely misses you.
You can no longer pass through a line of other dancers.
Unknown command.
You closely miss something. You hit Donald but do no damage.
Donald hits you but does no damage. Something hits you but does no damage.
Donald hits you but does no damage.
The orc warrior hits you but does no damage.
An orc wizard comes into view. It is wielding a +0 dagger.
Unknown command.
Unknown command.
You slice something!! You freeze something.
Reactivating autopickup.
You feel a bit more experienced. Donald blocks your attack.
The orc warrior is no longer waterlogged.
Donald hits you but does no damage.
The orc warrior hits you from afar with a +0 halberd!
You can now pass through a line of other dancers.
Unknown command.
Donald blocks your attack.
Donald is lightly wounded.
Donald hits you with a +1 scimitar of protection!!!
* * * LOW HITPOINT WARNING * * *
Donald hits you with a +1 scimitar of protection!!
You die...

.####.........# ### .....#
.##...........####)##@....#
..............##...)o....##
..#...........##...)......#
..=..........#)#o..#...#.##
.............≈oo#...#.## #
......).......o###.####
.............≈≈@.###
...#)..........)@..### ###
...))[...............###.##
..........................#
.........................##
..#....)......#.........##
.......)...............##
.....)..................#
#..#...............#...##
#...#.)##...........#..#


You could see Donald (fast, strong), an orc warrior and an orc wizard.

Vanquished Creatures
  2 boulder beetles (D:11)
  Harold (D:11)
  4 two-headed ogres
  A hydra (D:12)
  2 orc high priests
  A bog body (IceCv)
  Pikel (D:4)
  3 orc sorcerers
  5 orc knights (Orc:2)
  2 ugly things
  An ice statue (IceCv)
  A gargoyle (D:11)
  An unseen horror (D:11)
  2 kobold demonologists (D:11)
  An anaconda simulacrum (IceCv)
  A freezing wraith (D:11)
  2 ice devils (IceCv)
  9 trolls
  4 slime creatures
  A meliai zombie (D:11)
  15 yaks
  A vampire (D:10)
  2 wraiths (D:11)
  A steam dragon (D:10)
  A death yak simulacrum (IceCv)
  3 wargs
  A harpy simulacrum (IceCv)
  3 acid dragons
  5 water moccasins
  3 black bears
  24 orc warriors
  A necrophage (D:9)
  A sky beast (D:6)
  An ice beast (D:5)
  6 ogres
  2 centaurs
  3 lemures
  6 kobold brigands
  2 bullfrogs
  A scorpion (D:6)
  2 two-headed ogre simulacra (IceCv)
  4 cane toad simulacra (IceCv)
  A water moccasin zombie (D:7)
  A wyvern skeleton (D:5)
  18 killer bees
  7 wights
  A lava snake (D:7)
  7 howler monkeys
  3 quasits (D:5)
  4 centaur zombies
  2 centaur skeletons
  2 gnoll shamans
  2 jellies
  24 orc priests
  6 hounds
  23 orc wizards
  6 troll simulacra (IceCv)
  8 spriggan simulacra (IceCv)
  A wolf simulacrum (IceCv)
  A polar bear simulacrum (IceCv)
  A mummy (D:9)
  A howler monkey zombie (D:7)
  8 adders
  12 gnolls
  10 naga simulacra (IceCv)
  A shadow imp (D:7)
  5 white imps
  8 ufetubi
  An adder skeleton (D:4)
  The ghost of Zgarb the Sneak, a weakling DsDe (D:5)
  3 dart slugs
  97 orcs
  5 bats
  4 endoplasms
  5 giant cockroaches
  8 goblins
  A hobgoblin (D:4)
  28 kobolds
  2 quokkas
  6 ball pythons
  2 frilled lizards (D:1)
  2 rats (D:2)
  A spectral kobold (D:8)
462 creatures vanquished.

Vanquished Creatures (others)
  3 fungi (D:10)
  4 withered plants (D:9)
7 creatures vanquished.

Grand Total: 469 creatures vanquished

Notes
Turn   | Place    | Note
-------+----------+-------------------------------------------
     0 | D:1      | Leszczynek the Human Gladiator began the quest for the Orb.
     0 | D:1      | Reached XP level 1. HP: 16/16 MP: 1/1
    48 | D:1      | Reached XP level 2. HP: 10/22 MP: 2/2
   207 | D:1      | HP: 1/22 [dart slug/slug dart (6)]
   256 | D:1      | HP: 3/22 [giant cockroach (1)]
   423 | D:2      | Found a faded altar of an unknown god.
   425 | D:2      | Became a worshipper of Uskayaw the Reveller
   425 | D:2      | Reached * piety under Uskayaw
   458 | D:2      | Reached ** piety under Uskayaw
   460 | D:2      | Reached skill level 4 in Axes
   460 | D:2      | Reached XP level 3. HP: 24/27 MP: 3/3
   610 | D:2      | Reached XP level 4. HP: 33/33 MP: 0/4
   729 | D:2      | Found Acuz's Antique Armour Shop.
   747 | D:2      | Reached skill level 5 in Axes
   980 | D:3      | Reached skill level 1 in Invocations
   993 | D:3      | Reached XP level 5. HP: 38/38 MP: 5/5
  1040 | D:3      | Found a runed translucent gate.
  1041 | D:3      | Found a runed translucent gate.
  1041 | D:3      | Found a runed translucent gate.
  1046 | D:3      | Noticed Soel's ghost (amateur GrEE)
  1363 | D:4      | Noticed a black bear
  1408 | D:3      | Found a bloodstained altar of Trog.
  1634 | D:4      | Found a glowing golden altar of the Shining One.
  1687 | D:4      | Reached skill level 2 in Invocations
  1730 | D:5      | Entered Level 5 of the Dungeon
  1730 | D:5      | Noticed a water moccasin
  1783 | D:5      | Noticed an ice beast
  1809 | D:6      | Reached skill level 3 in Fighting
  1931 | D:6      | Reached XP level 6. HP: 35/47 MP: 7/7
  2117 | D:6      | Noticed a water moccasin
  2126 | D:6      | Noticed a water moccasin
  2141 | D:6      | Killed a water moccasin
  2142 | D:6      | Reached skill level 3 in Invocations
  2142 | D:6      | Reached XP level 7. HP: 29/52 MP: 3/9
  2197 | D:6      | Killed a water moccasin
  2198 | D:6      | Reached skill level 6 in Axes
  2203 | D:6      | Reached *** piety under Uskayaw
  2233 | D:6      | Reached skill level 4 in Invocations
  2263 | D:6      | Found a snail-covered altar of Cheibriados.
  2269 | D:6      | Noticed a water moccasin
  2279 | D:6      | Killed a water moccasin
  2280 | D:6      | Reached skill level 7 in Axes
  2304 | D:4      | Reached XP level 8. HP: 36/58 MP: 5/11
  2371 | D:4      | Reached skill level 5 in Invocations
  2431 | D:5      | Noticed Pikel
  2443 | D:4      | Killed Pikel
  2444 | D:4      | Reached skill level 5 in Fighting
  2444 | D:4      | Reached skill level 6 in Invocations
  2483 | D:5      | Reached XP level 9. HP: 65/68 MP: 11/13
  2489 | D:5      | Found a transporter.
  2502 | D:5      | Noticed Zgarb's ghost (weakling DsDe)
  2509 | D:5      | Found a transporter.
  2518 | D:5      | Killed Zgarb's ghost
  2525 | D:5      | Reached skill level 8 in Axes
  2599 | D:5      | Reached skill level 9 in Axes
  2676 | D:5      | HP: 13/68 [poisoned by an orc]
  2681 | D:5      | HP: 9/68 [poisoned by an orc]
  2898 | D:6      | Reached skill level 10 in Axes
  3079 | D:7      | Reached skill level 6 in Fighting
  3176 | D:7      | Reached **** piety under Uskayaw
  3177 | D:7      | Reached XP level 10. HP: 61/77 MP: 7/14
  3179 | D:7      | Reached skill level 7 in Fighting
  3179 | D:7      | Reached skill level 4 in Dodging
  3320 | D:7      | Reached skill level 5 in Dodging
  3322 | D:7      | Reached skill level 8 in Fighting
  3376 | D:8      | Noticed a two-headed ogre
  3593 | D:8      | Found a hazy altar of Hepliaklqana.
  3648 | D:8      | Killed a two-headed ogre
  3911 | D:2      | Bought a pair of slimy boots for 285 gold pieces
  3911 | D:2      | Identified the +2 pair of boots "Ramnuczu" {Str+3 Int+4}
                  | (You bought it in a shop on level 2 of the Dungeon)
  4141 | D:8      | Reached skill level 6 in Dodging
  4175 | D:8      | Identified a scroll of acquirement
  4176 | D:8      | Acquired the +2 cloak of Untold Secrets {rElec Str+3}
  4183 | D:8      | the alternative was 1.2k gold
  4187 | D:8      | Found a stormy altar of Qazlal.
  4189 | D:8      | or manual of shields
  4204 | D:7      | Reached skill level 7 in Invocations
  4224 | D:7      | Found a hide-covered altar of Uskayaw.
  4322 | D:9      | Reached skill level 11 in Axes
  4322 | D:9      | Reached XP level 11. HP: 86/86 MP: 12/16
  4358 | D:9      | Found a basalt altar of Yredelemnul.
  4561 | D:10     | Entered Level 10 of the Dungeon
  4579 | D:10     | Reached skill level 8 in Invocations
  4609 | D:10     | Learned a level 2 spell: Wereblood
  4733 | D:10     | Reached skill level 12 in Axes
  4823 | D:10     | Noticed a two-headed ogre
  4832 | D:10     | Killed a two-headed ogre
  4901 | D:10     | Found a blossoming altar of Fedhas.
  5020 | D:9      | Reached skill level 1 in Transmutations
  5176 | D:11     | Found a staircase to the Lair.
  5275 | D:11     | Reached ***** piety under Uskayaw
  5358 | D:11     | Noticed Snorg
  5453 | D:12     | Noticed a boulder beetle
  5512 | D:11     | Reached skill level 7 in Dodging
  5512 | D:11     | Reached skill level 2 in Transmutations
  5513 | D:11     | Reached skill level 9 in Fighting
  5932 | D:9      | Reached XP level 12. HP: 95/95 MP: 18/18
  6039 | D:11     | Noticed Harold
  6057 | D:11     | Killed Harold
  6058 | D:11     | Reached skill level 1 in Armour
  6236 | D:11     | Reached skill level 2 in Armour
  6258 | D:11     | Noticed a boulder beetle
  6286 | D:11     | Killed a boulder beetle
  6329 | D:11     | Reached skill level 3 in Armour
  6485 | D:12     | Reached skill level 4 in Armour
  6487 | D:12     | Found a staircase to the Orcish Mines.
  6549 | D:11     | Noticed a two-headed ogre
  6572 | D:11     | Killed a two-headed ogre
  6633 | D:12     | Reached skill level 5 in Armour
  6715 | D:12     | Noticed a six-headed hydra
  6735 | D:12     | Noticed a two-headed ogre
  6777 | D:11     | Reached skill level 13 in Axes
  6792 | D:11     | Upgraded the game from 0.28-a0-479-g5baa6b73be to
                  | 0.28-a0-511-gcc94558de3
  6940 | D:11     | Killed a boulder beetle
  7230 | Orc:1    | Entered Level 1 of the Orcish Mines
  7338 | Orc:1    | Noticed an orc warlord
  7362 | Orc:1    | Reached skill level 6 in Armour
  7406 | D:12     | Killed a six-headed hydra
  7464 | D:12     | HP: 19/95 [poisoned by an orc warlord]
  7468 | D:12     | HP: 8/95 [poisoned by an orc warlord]
  7473 | D:12     | HP: 8/95 [poisoned by an orc warlord]
  7474 | D:12     | ow
  7773 | Orc:1    | Noticed a two-headed ogre
  7805 | Orc:1    | Killed a two-headed ogre
  7838 | Orc:1    | Reached XP level 13. HP: 95/101 MP: 19/19
  7869 | Orc:1    | Reached skill level 14 in Axes
  7958 | Orc:1    | Reached skill level 10 in Fighting
  8005 | Orc:1    | oh
  8005 | Orc:1    | there's nothing inside
  8066 | Orc:1    | Found Qeoc Nan's Antique Armour Boutique.
  8141 | Orc:2    | Entered Level 2 of the Orcish Mines
  8141 | Orc:2    | Noticed Donald
  8248 | Orc:2    | Reached ****** piety under Uskayaw
  8400 | Orc:2    | Found a frozen archway.
  8402 | Orc:2    | Found a staircase to the Elven Halls.
  8429 | IceCv    | Entered an ice cave
  8430 | IceCv    | no rc btw
  8439 | IceCv    | ow
  8473 | IceCv    | nvm, found one
  8564 | IceCv    | >manual of Slings
  8637 | IceCv    | simulacra can constrict?
  8637 | IceCv    | huh
  8707 | IceCv    | Reached skill level 11 in Fighting
  8741 | IceCv    | here's a question, evo or crossbows
  8741 | IceCv    | evo maybe
  8877 | IceCv    | HP: 15/106 [anaconda simulacrum (12)]
  8881 | IceCv    | gold plate!
  8902 | IceCv    | Reached skill level 1 in Evocations
  8905 | IceCv    | Reached skill level 9 in Invocations
  8940 | IceCv    | >triple crossbow
  8940 | IceCv    | ok, now i need to reevaluate my secondary offensive skill
                  | choice
  8940 | IceCv    | skill level 26 tho
  8940 | IceCv    | i'll just carry it out of the cave and leave it
  8944 | IceCv    | Identified the +6 trident of Kismet {vorpal, MP+9 Int+3
                  | Stlth+}
  9132 | Orc:2    | Reached skill level 2 in Evocations
  9192 | Orc:2    | Reached skill level 15 in Axes
  9242 | Orc:2    | Slain by Donald

Illustrated notes #.#####............# ....K...........##.# #.#####........## # #.# ##...##.## #.# #.## #.# #.### # #.# #.#.# # #.# #..# ###.####.########.≈ ..## ...........@....!.^ ...# .........########.≈ ###.######.#### # .# #. ## .# # .##.# ....# .#### ## Turn 4183 on D:8: the alternative was 1.2k gold ##............# ...........##.# ##........## # ##...##.## ## #. #.## #.# .. ... # #.# .# .§#. # #.# .#§≈≈^. ###.####.########.≈≈§§^§ ................@.^# .........########.≈# #####.#### ..≈.≈ #. ..(..._ # #^.^≈.( §§§#.. §≈#≈ . .§#≈^ Turn 4189 on D:8: or manual of shields

#..#########...#.#### #...#
##......# #.#......####...#
#....#.## #.##.###....#...## #
#####.#..###.##.######......#####
...##.##...)..†...###..#.......##
...##.######.###....#.###.####.##
...##..#####)# ##.#.#.###........
...........#.# ##[.........###.##
...........#.###@..)..###.## #.##
..............o.....#.###.# #..#
...).)(....#.#.####.......#####..
....>..........# ##.####........
..(..)......#### #.####.####..#
............# #......###..##
..........[## #####.[..#.##
..........).###### .....#...##
####.#.####[.[...## .#######..##


Turn 7474 on D:12: ow .#........ ........####.## ## .#..8..#..#..#..8..# ###
.#.................# .#.......... ......# .#..#..###'###..#..#
.#)....#8.)..#.....# .).)...#.)...'.....# .'..#..#.._..'..#..#
))..)..#.....'..@..# )#.))..#8)...#.....# )#..#..###'###..#..#
.#.........).......# .#.................# .#..8..#..#..#..8..#
.#.................# .#.................# .################# Turn 8005 on Orc:1:
oh ### #####..# ##Z#....∩.# #.5...@..# ....Z...### .###Z#### # Turn 8430 on
IceCv: no rc btw ### #####..# ##.#....∩.# #...☼@∩..# #........### ..###.#### ##
Turn 8439 on IceCv: ow ##### ##$#@# ### #.#.## #######..# #.#$###.#....∩.# .
##..###.....∩..# ... #.###........### #...#.#..###.#### ###..☼..## ### ##.°☼##
##.#. Turn 8473 on IceCv: nvm, found one #...###.#§# ##..#####§## ##..###§○.#
##.....§## #....#.(# ##.###..# #######†# ##.##.##..# #@##.....## #.#..⌠...##
#..#..#### #.##.## #. ### ## Turn 8564 on IceCv: >manual of Slings
#####.#.###.#....∩.# ..###..###.....∩..# ...#.###........### #...#.#..###.####
###.....## ### .###..§## ..###.#§# ### ..#####§## ##.## #..###§○.# ###..@#
##.....§## #.#.#○.# #....#.(###...##..# ##.###..#..#.## .## #######†#.#.## #.
#.##.##..#.#.## ## .##.....##.#..# #..⌠...##.##..# .#..######.#.#≈ Turn 8637 on
IceCv: simulacra can constrict? ##..###.⌠.# #.### #..)# #.## #...# ### #..#
#..## ##.# ##.###########..# #...####.##....# ##..##.#..#..#.# #.#.#..#...#.##
#..##...##.###@# ≈≈≈###.###### #≈# ≈≈≈≈ ### ≈## ≈≈≈≈ ≈≈ ≈≈≈≈ ≈≈# .≈≈≈ ≈≈≈ #≈#≈
≈≈≈# ≈≈≈≈ Turn 8741 on IceCv: here's a question, evo or crossbows #..##...##.#
≈≈≈###.###### #≈≈≈≈ ###≈≈≈## #≈≈≈≈≈ #≈≈≈≈≈# ##≈≈≈≈ ≈≈≈≈≈≈≈ #..≈≈≈ ≈≈≈≈≈≈≈
##}##≈#≈ ≈≈≈≈≈≈≈ #!)[# #≈≈≈≈≈≈ #@○)# ###≈≈≈≈≈≈ #)$$$# ##.##≈≈#≈≈ #$$$$#
#Z..##≈##≈ #$$.## #..#Z.##### #$... #..###.#.#.# #$.....Z. #Z4#Z.# #......Z
##..##. ###..... #.###. .nZ. ##.##. Turn 8881 on IceCv: gold plate!
###.#.#..#...# ##≈#..##...##.## ≈≈≈≈≈###.####### ##≈≈≈≈≈####≈≈≈###
#≈≈≈≈≈≈.##≈≈≈≈≈#≈ ##≈≈≈≈≈# ≈≈≈≈≈≈≈≈ ##..≈≈≈≈# ≈≈≈≈≈≈≈≈ ##)##≈#≈## ≈≈≈≈≈≈≈#
#.@[### #≈≈≈≈≈≈# #)[)# ###≈≈≈≈≈≈# #)$$$# ##.##≈≈#≈≈# #$$$$# #Z..##≈##≈# #$$.##
#..#Z.###### #$... #..###.#.#.#. #$.....Z. #Z4#Z.#. #......Z ##..##.. ###.....
#.###.. Turn 8940 on IceCv: >triple crossbow

Levels and vault maps discovered:
D:1:      dpeg_arrival_court, layout_basic
D:2:      minmay_roachtagon, layout_loops_ring, serial_shops,
          nicolae_shop_crystal, chequers_ecumenical_altar_twisty
D:3:      layout_basic, overflow_temple_1_default, ebering_ghost_rock_garden,
          minmay_goblin_kobold_house
D:4:      layout_cave_pools, mainiacjoe_overflow_alcove_4,
          minmay_temple_entry_nine_rooms
D:5:      layout_rooms, old_standard_altar, gammafunk_ghost_stat_death,
          hangedman_abyss_or_decor_lesser_grid, uniq_pikel
D:6:      layout_loops_ring, general_overflow_altar,
          nicolae_elyvilon_peaceful_grove, hangedman_abyss_or_decor_passed,
          minivault_24
D:7:      layout_loops_cross, nicolae_uskayaw_suspiria, due_unseen_surprise
D:8:      layout_loops_ring, nicolae_hepliaklqana_monster_ancestors,
          grunt_qazlal_sundering, special_room [special_room_orc]
D:9:      layout_irregular_city, lemuel_round_altar,
          mainiacjoe_overflow_24_doors, serial_undead, serial_undead_b,
          serial_undead_f, serial_undead_c, serial_undead_d, serial_undead_b,
          serial_undead_f, nicolae_lava_and_water, nrook_mini_vaults
D:10:     layout_loops_ring, fedhas_altar_3, hangedman_abyss_or_decor_clamps
D:11:     layout_gridville, lair_entry_dummy, uniq_harold, uniq_snorg
D:12:     layout_rooms, david_orc_3, st_stairs_6
Orc:1:    layout_caves, serial_shops, shop, basic_altar, minmay_orc_temple_c
Orc:2:    grunt_orc_cross, layout_caves, portal_ice_cave_entry_pillars_1,
          serial_shops, nicolae_shop_stone, uniq_donald

Skill      XL: |  1  2  3  4  5  6  7  8  9 10 11 12 13 |
---------------+----------------------------------------+-----
Axes           | 4 5 7 10 11 12 13 15 | 15.0
Invocations    | 1 2 3 4 6 7 8 9 |  9.3
Fighting       | 3 5 6 8 9 11 | 11.0
Dodging        | 6 7 |  7.4
Transmutations | 2 |  2.7
Armour         | 6 |  6.8
Evocations     | 2 |  2.5
Throwing       | |  2.0

Action                   |  1- 3 |  4- 6 |  7- 9 | 10-12 | 13-15 || total
-------------------------+-------+-------+-------+-------+-------++-------
Melee: War axe           |    56 |   145 |   195 |   537 |       ||   933
       Spear             |     9 |       |       |       |       ||     9
       Battleaxe         |       |       |       |    19 |   319 ||   338
       Dire flail        |       |       |       |     1 |       ||     1
 Fire: Hand crossbow     |       |       |       |     4 |       ||     4
Throw: Throwing net      |     2 |     1 |       |       |       ||     3
       Javelin           |       |       |       |     2 |       ||     2
Invok: Stomp             |     1 |    10 |    29 |    67 |     5 ||   112
Evoke: Wand              |       |       |       |    10 |     1 ||    11
       Phial of floods   |       |       |       |       |     1 ||     1
  Use: Scroll            |       |     4 |     3 |     7 |     1 ||    15
       Potion            |       |     1 |     1 |     3 |     2 ||     7
 Stab: Held in net/web   |     1 |       |       |       |       ||     1
       Paralysed         |       |       |     7 |    40 |     8 ||    55
Armor: Leather armour    |    17 |       |       |       |       ||    17
       Ring mail         |    11 |    64 |   121 |   140 |       ||   336
       Plate armour      |       |       |       |   124 |   132 ||   256
       Gold dragon scale |       |       |       |       |    43 ||    43
Dodge: Dodged            |    45 |   102 |   196 |   479 |   149 ||   971

Table legend: (Time is in decaauts)
 A = Elapsed time spent in this place.
 B = Non-inter-level travel time spent in this place.
 C = Inter-level travel time spent in this place.
 D = Time resting spent in this place.
 E = Time spent auto-exploring this place.
 F = Levels seen in this place.
 G = Mean time per level.
                   A        B        C        D        E       F      G
               +--------+--------+--------+--------+--------+-----+--------+
         Total |   9421 |   8611 |    810 |     43 |      0 |  15 |  628.1 |
       Dungeon |   7641 |   6849 |    792 |     43 |      0 |  12 |  636.8 |
  Orcish Mines |   1160 |   1142 |     18 |      0 |      0 |   2 |  580.0 |
      Ice Cave |    620 |    620 |      0 |      0 |      0 |   1 |  620.0 |
               +--------+--------+--------+--------+--------+-----+--------+

Top non-repeatable levels by time:
    D:11: 897 daAuts
    D:12: 822 daAuts
   Orc:1: 765 daAuts
     D:6: 739 daAuts
    D:10: 682 daAuts
     D:3: 671 daAuts
   IceCv: 620 daAuts
     D:7: 595 daAuts
     D:8: 588 daAuts
     D:9: 563 daAuts
     D:2: 558 daAuts
     D:5: 532 daAuts
     D:1: 501 daAuts
     D:4: 488 daAuts
   Orc:2: 395 daAuts
